 Dungeon Crawl Stone Soup version 0.24-a0-537-g2d01d4ab0a (webtiles) character file.

Game seed: 1263935220112683810

91 DavidChitty2 the Conjurer (level 4, -4/36 HPs)
             Began as a Draconian Conjurer on Aug 14, 2019.
             Slain by an orc wizard
             ... wielding a +5 dagger
              (8 damage)
             ... on level 3 of the Dungeon.
             The game lasted 00:03:21 (2990 turns).

DavidChitty2 the Conjurer (Draconian Conjurer)      Turns: 2990, Time: 00:03:21

Health: -4/36      AC: 12    Str: 11    XL:     4   Next: 33%
Magic:  0/8        EV: 12    Int: 16    God:
Gold:   79         SH:  0    Dex: 11    Spells: 1/8 levels left

rFire    . . .     SeeInvis .   a - +2 short sword (protect)
rCold    . . .     Gourm    .   (no shield)
rNeg     . . .     Faith    .   (armour unavailable)
rPois    .         Spirit   .   (helmet restricted)
rElec    .         Reflect  .   (no cloak)
rCorr    .         Harm     .   (no gloves)
MR       .....                  (no boots)
Stlth    ++........             (no amulet)
HPRegen  0.12/turn              (no ring)
MPRegen  0.11/turn              (no ring)

@: protection aura
A: unfitting armour, cold-blooded, AC +5
a: no special abilities


You were on level 3 of the Dungeon.
You were hungry.

You visited 1 branch of the dungeon, and saw 3 of its levels.

You collected 79 gold pieces.

Inventory:

Hand Weapons
 a - a +2 short sword of protection (weapon)
   (You took it off a kobold on level 2 of the Dungeon)
Missiles
 i - 23 stones (quivered)
Scrolls
 b - 2 scrolls of amnesia {unknown}
 d - a scroll of magic mapping {unknown}
 f - a scroll of identify {unknown}
 j - a scroll of fear {unknown}
 l - a scroll of remove curse {unknown}
Potions
 c - a potion of lignification {unknown}
 g - 3 potions of haste {unknown}
 k - a potion of curing {unknown}
Comestibles
 e - 4 rations {!d}
 h - a chunk of flesh


   Skills:
 + Level 2.0 Fighting
 - Level 1.7 Dodging
 - Level 1.7 Stealth
 + Level 2.7 Spellcasting
 * Level 5.0 Conjurations


You had one spell level left.
You knew the following spells:

 Your Spells              Type           Power        Failure   Level  Hunger
a - Magic Dart            Conj           ###.         2%          1    #......
s - Searing Ray           Conj           ###...       3%          2    ##.....
x - Iskenderun's Mystic   Conj           ###.....     24%         4    #####..

Your spell library contained the following spells:

 Spells                   Type           Power        Failure   Level  Hunger
 Dazzling Spray           Conj/Hex       ##....       21%         3    ###....
 Force Lance              Conj/Tloc      ##......     56%         4    #####..
 Fulminant Prism          Conj/Hex       ##........   56%         4    #####..


Dungeon Overview and Level Annotations

Branches:
Dungeon (3/15)

Altars:
Xom


Innate Abilities, Weirdness & Mutations

Your plain brown scales are hard. (AC +5)
You cannot fit into any form of body armour.
You are cold-blooded and may be slowed by cold attacks.


Message History

e - 4 rations {!d} (gained 1)
Found a scroll labeled SUN COSUTURHOKK.
Found a stone staircase leading up.
You butcher the giant cockroach corpse.
h - a chunk of flesh
l - a scroll labeled SUN COSUTURHOKK An orc wizard comes into view.
It is wielding a +5 dagger.
An orc wizard is nearby!
Aim: an orc wizard, wielding a +5 dagger and wearing a +0 robe (hasn't noticed you)
The magic dart hits the orc wizard.
The orc wizard shouts!
You are feeling hungry.
The orc wizard mumbles some strange words.
The orc wizard seems to speed up.
Aim: an orc wizard, wielding a +5 dagger and wearing a +0 robe (moderately wounded, fast)
The magic dart hits the orc wizard.
The orc wizard casts a cantrip, but nothing happens.
Aim: an orc wizard, wielding a +5 dagger and wearing a +0 robe (moderately wounded, fast)
The magic dart hits the orc wizard.
You can't see any susceptible monsters within range! (Use Z to cast anyway.)
Aim: an orc wizard, wielding a +5 dagger and wearing a +0 robe (heavily wounded, fast)
The magic dart hits the orc wizard.
The orc wizard hits you with a +5 dagger. x2
Aim: an orc wizard, wielding a +5 dagger and wearing a +0 robe (heavily wounded, fast)
The magic dart hits the orc wizard.
The orc wizard hits you with a +5 dagger.
Aim: an orc wizard, wielding a +5 dagger and wearing a +0 robe (severely wounded, fast)
The magic dart hits the orc wizard but does no damage.
The orc wizard barely misses you.
The orc wizard hits you with a +5 dagger.
Aim: an orc wizard, wielding a +5 dagger and wearing a +0 robe (severely wounded, fast)
The magic dart hits the orc wizard but does no damage.
The orc wizard barely misses you.
Aim: an orc wizard, wielding a +5 dagger and wearing a +0 robe (severely wounded, fast)
The magic dart hits the orc wizard but does no damage.
The orc wizard casts a spell at you. The magic dart hits you!
* * * LOW HITPOINT WARNING * * *
The orc wizard hits you with a +5 dagger!
* * * LOW HITPOINT WARNING * * *
Okay, then.
You hit the orc wizard but do no damage.
Your weapon exudes an aura of protection.
The orc wizard hits you with a +5 dagger.
* * * LOW HITPOINT WARNING * * *
Aim: an orc wizard, wielding a +5 dagger and wearing a +0 robe (heavily wounded, fast)
The magic dart hits the orc wizard.
The orc wizard completely misses you.
The orc wizard hits you but does no damage.
You hit the orc wizard.
The orc wizard hits you with a +5 dagger!
You die...

... #.##...# ......
#.##...# ...... #.##...#
......# #.##...# ..
.....####.###..####....
.......................
#....#.####..#####.
#..........#o##
#.###.#....#.###@.#
#..........#......#..
#####.#..#.#.####........
.#....#..#.#.# #...#....
.#.##....#.#.####...#..#
.#.####.##..........#..#
.......................#
.#......##.......#...#.#
.......................#


You could see an orc wizard.

Vanquished Creatures
  An orc wizard (D:3)
  An adder (D:2)
  An ooze (D:1)
  2 worms (D:2)
  3 orcs (D:3)
  A bat (D:1)
  3 giant cockroaches
  5 goblins
  8 hobgoblins
  2 jackals (D:1)
  4 kobolds
  A quokka (D:2)
  2 frilled lizards
  6 rats
40 creatures vanquished.

Notes
Turn   | Place    | Note
-------+----------+-------------------------------------------
     0 | D:1      | DavidChitty2 the Draconian Conjurer began the quest for the
                  | Orb.
     0 | D:1      | Reached XP level 1. HP: 14/14 MP: 3/3
   550 | D:1      | Reached XP level 2. HP: 15/22 MP: 0/5
   694 | D:1      | Learned a level 2 spell: Searing Ray
   842 | D:1      | Reached skill level 1 in Fighting
  1607 | D:2      | Reached XP level 3. HP: 28/28 MP: 3/6
  1633 | D:2      | Found a faded altar of an unknown god.
  1791 | D:2      | Found a shimmering altar of Xom.
  2501 | D:3      | Reached skill level 5 in Conjurations
  2501 | D:3      | Reached XP level 4. HP: 14/36 MP: 0/8
  2682 | D:3      | Learned a level 4 spell: Iskenderun's Mystic Blast
  2990 | D:3      | Slain by an orc wizard

Levels and vault maps discovered:
D:1:      dpeg_arrival_long_road, layout_loops_corners
D:2:      layout_basic, lemuel_doored_altar, chequers_ecumenical_altar_island
D:3:      layout_basic, zin_purify, first_ration

Skill      XL: |  1  2  3  4 |
---------------+-------------+-----
Fighting       | 1 2 |  2.0
Conjurations   | 5 |  5.0
Dodging        | |  1.7
Stealth        | |  1.7
Spellcasting   | |  2.7

Action                   |  1- 3 |  4- 6 || total
-------------------------+-------+-------++-------
Melee: Unarmed           |    37 |       ||    37
       Tailslap          |     7 |       ||     7
       Short sword       |     1 |     2 ||     3
 Cast: Magic Dart        |    70 |    18 ||    88
       Searing Ray       |     3 |       ||     3
  Eat: Chunk             |     6 |     1 ||     7
Armor: Skin              |    10 |     1 ||    11
Dodge: Dodged            |    31 |     3 ||    34

Table legend:
 A = Non-vault XP
 B = Vault XP
 C = Vault XP percentage of total XP
 D = Non-vault monster count
 E = Vault monster count
 F = Vault count percentage of total count
                 A         B        C        D         E       F
            +---------+---------+-------+---------+---------+-------
      Total |     130 |       0 |   0.0 |      40 |       0 |   0.0
            +---------+---------+-------+---------+---------+-------
        D:1 |      40 |       0 |   0.0 |      21 |       0 |   0.0
        D:2 |      38 |       0 |   0.0 |      13 |       0 |   0.0
        D:3 |      52 |       0 |   0.0 |       6 |       0 |   0.0
            +---------+---------+-------+---------+---------+-------
